 Dungeon Crawl Stone Soup version 0.17.0-7-gfadd4cc (console) character file.

107 gw the Chiller (level 4, -1/22 HPs)
             Began as a Vine Stalker Ice Elementalist on Nov 8, 2015.
             Slain by a gnoll
             ... wielding a +0 spear
              (3 damage)
             ... on level 3 of the Dungeon.
             The game lasted 00:02:31 (3063 turns).

gw the Chiller (Vine Stalker Ice Elementalist)      Turns: 3063, Time: 00:02:31

Health: -1/22      AC:  3    Str: 10    XL:     4   Next: 85%
Magic:  0/10       EV: 12    Int: 16    God:
Gold:   174        SH:  0    Dex: 15    Spells: 3 memorised, 3 levels left

rFire  . . .     SeeInvis .     b - +0 dagger
rCold  . . .     Clarity  .     i - +0 leather armour
rNeg   . . .     SustAt   .     (no shield)
rPois  .         Gourm    .     (no helmet)
rElec  .         Spirit   +     (no cloak)
rCorr  .         Warding  .     (no gloves)
rMut   .         Stasis   .     (no boots)
MR     .....                    (no amulet)
Stlth  ++........               (no ring)
                                (no ring)

@: very slightly contaminated, not resistant to hostile enchantments, unstealthy
A: fangs 2, regeneration 1, magic shield, antimagic bite, no device heal 3, rot
immunity
a: no special abilities


You were on level 3 of the Dungeon.
You were near starving.

You visited 1 branch of the dungeon, and saw 3 of its levels.

You collected 174 gold pieces.

Inventory:

Hand Weapons
 b - a +0 dagger (weapon)
Missiles
 d - 7 tomahawks
 f - 7 curare-tipped needles
 g - 4 javelins (quivered)
 h - 73 stones
Armour
 i - a +0 leather armour (worn)
Books
 e - a book of Frost

   Spells                             Type                      Level
   a - Freeze                         Ice                          1
   b - Throw Frost                    Conjuration/Ice              2
   c - Ozocubu's Armour               Charms/Ice                   3
   d - Throw Icicle                   Conjuration/Ice              4
   e - Summon Ice Beast               Ice/Summoning                4
   f - Condensation Shield            Ice                          4
Comestibles
 c - 5 bread rations


   Skills:
 + Level 1.0 Fighting
 + Level 1.2 Short Blades
 + Level 2.1 Dodging
 - Level 2.4 Stealth
 * Level 3.4 Spellcasting
 - Level 1.0 Conjurations
 + Level 3.5 Ice Magic


You had 3 spell levels left.
You knew the following spells:

 Your Spells              Type           Power        Failure   Level  Hunger
a - Freeze                Ice            ##..         8%          1    None
b - Throw Frost           Conj/Ice       #.....       17%         2    ##.....
c - Ozocubu's Armour      Chrm/Ice       #.......     38%         3    ###....


Dungeon Overview and Level Annotations

Branches:
Dungeon (3/15)

Altars:


Innate Abilities, Weirdness & Mutations

You have extremely sharp teeth.
Your natural rate of healing is unusually fast.
When hurt, damage is shared between your health and your magic reserves.
Your bite disrupts and absorbs the magic of your enemies.
Potions and wands cannot restore your health.
You are immune to rotting.


Message History

Unknown command.
Unknown command.
MOVING TO (0,1)
The gnoll hits you from afar with a spear.
The gnoll completely misses you.
You see here a mace of crushing.
Unknown command.
Unknown command.
Unknown command.
ATTACK MOVE TO (0,-1)
The gnoll closely misses you.
The gnoll hits you from afar with a spear.
The gnoll hits you with a spear.
Unknown command.
Unknown command.
Unknown command.
Unknown command.
MOVING TO (0,1)
The gnoll hits you from afar with a spear.
You die...

#..# #..# #..#
#..#######
#.........
##g######## #gg#
#.## #f# #.# #!#
###### #.#
########.....
#######.##
...........##
.........#
########=#.#
#######..#######
#.#.## #........#
##.#.#.
##.#.....###....#.


You could see 3 gnolls.

Table legend:
 A = Turns spent in this place as a percentage of turns spent in the entire game.
 B = Non-inter-level travel turns spent in this place as a percentage of non-inter-level travel turns spent in the entire game.
 C = Inter-level travel turns spent in this place as a percentage of turns spent in this place.
 D = Turns resting spent in this place as a percentage of non-inter-level travel turns spent in this place.
 E = Turns spent auto-exploring this place as a percentage of non-inter-level travel turns spent in this place.
 F = Non-inter-level travel turns spent in this place divided by the number of levels of this place that you've seen.
                   A       B       C       D       E      F
               +-------+-------+-------+-------+-------+----------------------
         Total | 100.0 | 100.0 |   1.1 |   2.8 |   2.7 | 1213.3
       Dungeon | 100.0 | 100.0 |   1.1 |   2.8 |   2.7 | 1213.3
               +-------+-------+-------+-------+-------+----------------------

Table legend:
 A = Kills in this place as a percentage of kills in entire the game.
 B = Kills by you in this place as a percentage of kills by you in the entire game.
 C = Kills by friends in this place as a percentage of kills by friends in the entire game.
 D = Other kills in this place as a percentage of other kills in the entire game.
 E = Experience gained in this place as a percentage of experience gained in the entire game.
 F = Experience gained in this place divided by the number of levels of this place that you have seen.
                   A       B       C       D       E      F
               +-------+-------+-------+-------+-------+----------------------
         Total | 100.0 | 100.0 |  -nan |  -nan | 100.0 |  51.0
       Dungeon | 100.0 | 100.0 |  -nan |  -nan | 100.0 |  51.0
               +-------+-------+-------+-------+-------+----------------------

Vanquished Creatures
  4 adders
  2 oozes (D:1)
  3 worms
  2 giant geckos (D:2)
  An orc (D:3)
  6 bats
  8 goblins
  5 hobgoblins
  4 jackals (D:1)
  2 quokkas (D:3)
  A ball python (D:2)
  4 giant cockroaches
  A giant gecko zombie (D:3)
  2 giant newts
  3 kobolds
  7 rats
55 creatures vanquished.

Notes
Turn   | Place    | Note
--------------------------------------------------------------
     0 | D:1      | gw the Vine Stalker Ice Elementalist began the quest for the Orb.
     0 | D:1      | Reached XP level 1. HP: 9/9 MP: 4/4
   166 | D:1      | Reached XP level 2. HP: 14/14 MP: 6/6
   170 | D:1      | Learned a level 2 spell: Throw Frost
   901 | D:1      | Reached XP level 3. HP: 17/17 MP: 5/8
   932 | D:1      | Learned a level 3 spell: Ozocubu's Armour
  1600 | D:2      | Reached XP level 4. HP: 21/21 MP: 7/9
  1814 | D:2      | Reached skill level 1 in Fighting
  1814 | D:2      | Reached skill level 1 in Short Blades
  3062 | D:3      | HP: 1/22 [gnoll/spear (5)]
  3063 | D:3      | Slain by a gnoll

Action                   |  1- 3 |  4- 6 || total
-------------------------+-------+-------++-------
Melee: Unarmed           |     3 |       ||     3
Throw: Javelin           |    22 |     8 ||    30
 Cast: Freeze            |    12 |    22 ||    34
       Throw Frost       |    25 |    26 ||    51
  Eat: Chunk             |     4 |     4 ||     8

Vault maps used:
D:1:      dpeg_arrival_boxorama
D:2:      minivault_11
D:3:      uniq_grinder
